 Dungeon Crawl Stone Soup version 0.31.0-1-g2c135a008e (webtiles) character file.

Game seed: 4313598449594950373

1234 qw the Shooter (level 8, -1/59 HPs)
             Began as a Djinni Hunter on Jan 24, 2024.
             Slain by Maggie
             ... wielding a +1 morningstar of protection
              (9 damage)
             ... on level 6 of the Dungeon.
             The game lasted 00:00:16 (4289 turns).

qw the Shooter (Djinni Hunter)                      Turns: 4289, Time: 00:00:17

Health: -1/59      AC:  5    Str: 14    XL:     8   Next: 77%
Gold:   241        EV: 13    Int: 11    God:
                   SH:  5    Dex: 21

rFire   + + .        k - +2 orcbow (heavy)
rCold   x . .        (shield currently unavailable)
rNeg    . . .        h - +0 ring mail
rPois   inf          (helmet restricted)
rElec   .            (no cloak)
rCorr   .            (no gloves)
SInv    +            (boots unavailable)
Will    .....        e - amulet of reflection
Stlth   +            i - ring of see invisible
HPRegen 0.29/turn    g - +6 ring of dexterity
MPRegen 0.00/turn

%: reflection, infuse magic (-2 HP)
@: flying, mesmerised
A: sickness immunity, fire resistance 2, cold vulnerability 1, float, innate
caster, HP casting, extra vitality 1, antennae 1, clumsy 1, strong 1
a: no special abilities


You were on level 6 of the Dungeon.
You visited 1 branch of the dungeon, and saw 6 of its levels.

You collected 241 gold pieces.


Innate Abilities, Weirdness & Mutations

You are immune to sickness and miasma.
You are immune to poison.
Your flesh is very heat resistant. (rF++)
You are vulnerable to cold. (rC-)
You float through the air rather than walking.
You learn spells naturally, not from books.
Your magical power is your life essence.
You have superior vitality. (+4 MHP)
You have a pair of small antennae on your head.
You are clumsy. (Dex -2)
Your muscles are strong. (Str +4, Int/Dex -1)


   Skills:
 - Level 5.3 Fighting
 - Level 7.0 Ranged Weapons
 - Level 1.2 Armour
 + Level 4.8 Dodging
 - Level 0.7 Stealth


You knew the following spells:

 Your Spells              Type           Power      Damage    Failure   Level
a - Summon Small Mammal   Summ           0%         N/A       58%         1
b - Mercury Vapours       Alch/Air       0%         N/A       73%         2
c - Fugue of the Fallen   Necr           0%         N/A       91%         3
Your spell library was empty.

Inventory:

Hand Weapons
 k - a +2 heavy orcbow (weapon)
Armour
 h - a +0 ring mail (worn)
Jewellery
 e - an amulet of reflection (around neck)
 g - a +6 ring of dexterity (right hand)
 i - a ring of see invisible (left hand)
 Y - a ring of ice
Potions
 a - a potion of heal wounds {unknown}
 b - a potion of cancellation
 c - a potion of invisibility {unknown}
 d - a potion of enlightenment
 f - a potion of curing

Dungeon Overview and Level Annotations

Branches:
Dungeon (6/15)
 Temple: D:4-7

Altars:
Elyvilon

Shops:
D:4 :

Annotations:
D:3 1 runed translucent door, Crazy Yiuf
D:6 Maggie


Message History

The centaur shoots an arrow.
You block the arrow with an invisible shield... and reflect it back!
The arrow hits the centaur!
You shoot an arrow.
The arrow completely misses the centaur.
The centaur shoots an arrow.
The arrow hits you!
The centaur shoots an arrow.
You block the arrow with an invisible shield... and reflect it back!
The arrow hits the centaur!
You kill the centaur!
Maggie points at you and mumbles some strange words.
The bolt of fire hits you. You resist.
You shoot an arrow.
The arrow hits Maggie but does no damage.
You shoot an arrow. The arrow hits Maggie!!
Maggie is heavily wounded.
Maggie completely misses you.
You shoot an arrow. The arrow hits Maggie.
Maggie is heavily wounded.
Maggie points at you and mumbles some strange words.
The bolt of fire hits you. You resist.
You shoot an arrow. The arrow barely misses Maggie.
Maggie hits you with a +1 morningstar of protection.
Maggie hits you with a +1 morningstar of protection!
You shoot an arrow. The arrow hits Maggie!
Maggie is almost dead.
Maggie gestures wildly while chanting.
Maggie draws you further into her thrall.
Maggie misses you.
You shoot an arrow.
The arrow hits Maggie but does no damage.
Maggie is severely wounded.
Maggie closely misses you. Maggie gestures at you while chanting.
The bolt of fire misses you.
You shoot an arrow. The arrow barely misses Maggie.
You block Maggie's attack.
You shoot an arrow. The arrow hits Maggie.
Maggie is almost dead.
Maggie hits you with a +1 morningstar of protection!
You die...

#......# #......###
#....>...# #######
#......######.....#
#.............###.#
####.##.#####...#.#
#...#.#####.#.#.#
#>....#...#.#.#.#
##@#...#..##.#.#.#
....).@...#.#.....#.#.#
..........+.#.#####.#.#
..........#.#.#.....#.#
............#.#.#.....#
.###....###.#.#.#%#####
#..........#.#...#
#.........##...#.#
........####...#


You could see Maggie (mesmerising).

Vanquished Creatures
  An ice beast (D:5)
  An orc warrior (D:3)
  2 centaurs
  A bullfrog (D:6)
  2 scorpions
  A howler monkey (D:5)
  3 hounds
  2 orc priests
  3 iguanas
  4 orc wizards
  Robin (D:3)
  14 gnolls
  11 adders
  4 dart slugs
  16 orcs
  5 endoplasms
  2 giant cockroaches
  3 goblins
  9 hobgoblins
  7 jackals
  3 kobolds
  3 quokkas
  5 ball pythons
  11 bats
  2 frilled lizards
  3 rats
119 creatures vanquished.

Notes
Turn   | Place    | Note
-------+----------+-------------------------------------------
     0 | D:1      | qw the Djinni Hunter began the quest for the Orb.
     0 | D:1      | Reached XP level 1. HP: 18/18 MP: 0/0
     0 | D:1      | 0 ||| qw: Version: 0.3-a-136-gdd3b4e8
     0 | D:1      | 0 ||| qw: Game counter: 1450
     0 | D:1      | 0 ||| qw: Melee chars always use a shield: true
     0 | D:1      | 0 ||| qw: God list: Okawaru
     0 | D:1      | 0 ||| qw: Allow faded altars: false
     0 | D:1      | 0 ||| qw: Do Orc after clearing Dungeon:15 true
     0 | D:1      | 0 ||| qw: Do second Lair branch before Depths: true
     0 | D:1      | 0 ||| qw: Lair rune preference: random
     0 | D:1      | 0 ||| qw: Goals: Normal
     0 | D:1      | 0 ||| PLANNING D:1-11
   110 | D:1      | Reached XP level 2. HP: 23/23 MP: 0/0
   183 | D:1      | Reached skill level 4 in Ranged Weapons
   183 | D:1      | Reached XP level 3. HP: 28/28 MP: 0/0
   183 | D:1      | Learned a level 1 spell: Summon Small Mammal
   553 | D:1      | 553 ||| READING scroll labelled CAATSAYMOS.
   554 | D:1      | 554 ||| DROPPING scroll of butterflies.
   791 | D:2      | Reached XP level 4. HP: 23/34 MP: 0/0
   942 | D:2      | Reached skill level 3 in Fighting
  1182 | D:2      | 1182 ||| UPGRADING to amulet of reflection.
  1187 | D:2      | 1187 ||| READING 2 scrolls labelled GYSEQ DOEPLIMP.
  1188 | D:2      | 1188 ||| READING scroll labelled RAZIYCW QIXKUT.
  1188 | D:2      | 1188 ||| IDENTIFYING silvery potion
  1189 | D:2      | 1189 ||| READING scroll labelled ROUFIRCHI TIAMA.
  1189 | D:2      | 1189 ||| BRANDING +0 shortbow.
  1190 | D:2      | 1190 ||| DROPPING scroll of fog.
  1229 | D:3      | Noticed Robin
  1245 | D:3      | Killed Robin
  1246 | D:3      | HP: 7/35 [hobgoblin[Robin] (4)]
  1411 | D:3      | 1411 ||| RETREEEEATING.
  1412 | D:3      | 1412 ||| RETREEEEATING.
  1415 | D:3      | Reached skill level 3 in Dodging
  1420 | D:3      | Reached XP level 5. HP: 31/40 MP: 0/0
  1420 | D:3      | Learned a level 2 spell: Mercury Vapours
  1637 | D:3      | Identified the +0 spear of Trog's Pride {flame, rF+ rC+}
  1891 | D:3      | Found a runed translucent door.
  1892 | D:3      | Noticed Crazy Yiuf
  2123 | D:3      | 2123 ||| DRINKING 2 viscous black potions.
  2123 | D:3      | Gained mutation: You are clumsy. (Dex -2) [potion of
                  | mutation]
  2123 | D:3      | Gained mutation: Your muscles are strong. (Str +4, Int/Dex
                  | -1) [potion of mutation]
  2123 | D:3      | Gained mutation: You are partially covered in iridescent
                  | scales. (AC +2) [potion of mutation]
  2123 | D:3      | Gained mutation: Your mind is acute. (Int +4, Str/Dex -1)
                  | [potion of mutation]
  2124 | D:3      | 2124 ||| DRINKING coppery potion.
  2125 | D:3      | 2125 ||| DRINKING yellow potion.
  2150 | D:3      | Reached skill level 5 in Ranged Weapons
  2150 | D:3      | Reached XP level 6. HP: 35/46 MP: 0/0
  2196 | D:3      | 2196 ||| DRINKING potion of mutation.
  2196 | D:3      | Lost mutation: Your mind is acute. (Int +4, Str/Dex -1)
                  | [potion of mutation]
  2196 | D:3      | Lost mutation: You are partially covered in iridescent
                  | scales. (AC +2) [potion of mutation]
  2196 | D:3      | Gained mutation: You have a pair of small antennae on your
                  | head. [potion of mutation]
  2214 | D:3      | Noticed an orc warrior
  2216 | D:3      | 2216 ||| ZAPPING wand of light (5) at -5,-1 (orc warrior;
                  | floor).
  2217 | D:3      | 2217 ||| ZAPPING wand of light (4) at -5,0 (orc warrior;
                  | floor).
  2218 | D:3      | 2218 ||| ZAPPING wand of light (3) at -5,0 (orc warrior;
                  | floor).
  2219 | D:3      | 2219 ||| ZAPPING wand of light (2) at -5,0 (orc warrior;
                  | floor).
  2220 | D:3      | 2220 ||| ZAPPING wand of light (1) at -5,0 (orc warrior;
                  | floor).
  2220 | D:3      | Killed an orc warrior
  2263 | D:3      | 2263 ||| SWAPPING to +0 orcbow.
  2264 | D:3      | 2264 ||| DROPPING +0 heavy shortbow.
  2289 | D:3      | Reached XP level 7. HP: 43/52 MP: 0/0
  2289 | D:3      | Learned a level 3 spell: Fugue of the Fallen
  2497 | D:3      | 2497 ||| DROPPING +0 helmet.
  2498 | D:3      | 2498 ||| UPGRADING to +0 ring mail.
  2508 | D:3      | 2508 ||| DROPPING +0 leather armour.
  2509 | D:3      | 2509 ||| UPGRADING to ring of ice.
  2510 | D:3      | 2510 ||| READING scroll labelled MEUCEYC MIOTZ.
  2510 | D:3      | 2510 ||| ENCHANTING +0 orcbow.
  2511 | D:3      | 2511 ||| READING 2 scrolls labelled WOOCSI DAKICS.
  2512 | D:3      | 2512 ||| READING scroll labelled DOPOSTR PUISTRA.
  2513 | D:3      | 2513 ||| DROPPING scroll of poison.
  2649 | D:4      | Reached skill level 1 in Armour
  2800 | D:4      | Found Ucwi's Book Shop.
  3085 | D:4      | Found a white marble altar of Elyvilon.
  3336 | D:4      | Reached skill level 6 in Ranged Weapons
  3466 | D:4      | 3466 ||| UPGRADING to +6 ring of dexterity.
  3467 | D:4      | 3467 ||| UPGRADING to ring of see invisible.
  3469 | D:4      | 3469 ||| READING scroll of identify.
  3469 | D:4      | 3469 ||| IDENTIFYING brown potion
  3470 | D:4      | 3470 ||| READING scroll labelled HOSUERH BEIMOGG.
  3504 | D:5      | Entered Level 5 of the Dungeon
  3517 | D:5      | Reached XP level 8. HP: 55/58 MP: 0/0
  3631 | D:5      | 3631 ||| READING scroll of enchant weapon.
  3631 | D:5      | 3631 ||| ENCHANTING +1 orcbow.
  3658 | D:5      | 3658 ||| READING scroll of brand weapon.
  3658 | D:5      | 3658 ||| BRANDING +2 orcbow.
  3741 | D:5      | Reached skill level 7 in Ranged Weapons
  4163 | D:5      | 4163 ||| READING scroll labelled OCROXUPPI.
  4278 | D:6      | Noticed Maggie
  4285 | D:6      | HP: 5/59 [Maggie/+1 morningstar of protection (11)]
  4289 | D:6      | Slain by Maggie

Levels and vault maps discovered:
D:1:      dpeg_arrival_rooms_c, layout_loops_ring
D:2:      layout_basic
D:3:      layout_loops_corners, hangedman_decor_push, uniq_crazy_yiuf_cottage,
          uniq_robin
D:4:      layout_loops_cross, mainiacjoe_overflow_catwalk, serial_shops,
          nicolae_shop_hallway_stairs, nicolae_half_adder
D:5:      layout_basic
D:6:      layout_basic, lightli_temple_of_fire, uniq_maggie

Skill      XL: |  1  2  3  4  5  6  7  8 |
---------------+-------------------------+-----
Ranged Weapons | 4 5 6 7 |  7.0
Fighting       | 3 4 5 |  5.3
Dodging        | 3 4 |  4.8
Armour         | 1 |  1.2
Stealth        | |  0.7

Action                     |  1- 3 |  4- 6 |  7- 9 || total
---------------------------+-------+-------+-------++-------
   Fire: Shortbow          |    82 |   118 |       ||   200
         Orcbow            |       |     9 |   182 ||   191
  Evoke: Wand              |       |     5 |       ||     5
    Use: Scroll            |     1 |     3 |     8 ||    12
         Potion            |       |     4 |       ||     4
 Armour: Leather armour    |    13 |    79 |       ||    92
         Ring mail         |       |       |    90 ||    90
  Dodge: Dodged            |    11 |    69 |    92 ||   172
  Block: Other             |       |    21 |    37 ||    58
         Reflection        |       |     1 |     3 ||     4

Table legend:
 A = Non-vault XP
 B = Vault XP
 C = Vault XP percentage of total XP
 D = Non-vault monster count
 E = Vault monster count
 F = Vault count percentage of total count
                 A         B        C        D         E       F
            +---------+---------+-------+---------+---------+-------
      Total |    1685 |      79 |   4.5 |     110 |       9 |   7.6
            +---------+---------+-------+---------+---------+-------
        D:1 |      41 |       0 |   0.0 |      22 |       0 |   0.0
        D:2 |      55 |       0 |   0.0 |      20 |       0 |   0.0
        D:3 |     402 |      24 |   5.6 |      28 |       5 |  15.2
        D:4 |     275 |      55 |  16.7 |      20 |       4 |  16.7
        D:5 |     669 |       0 |   0.0 |      17 |       0 |   0.0
        D:6 |     243 |       0 |   0.0 |       3 |       0 |   0.0
            +---------+---------+-------+---------+---------+-------
